 Dungeon Crawl Stone Soup version 0.27-a0-1188-g73eefd5def (webtiles) character file.

Game seed: 18289612027459528144

839370 Wyvernaa the Skullcrusher (level 27, -14/199 HPs)
             Began as a Demonspawn Gladiator on May 20, 2021.
             Was the Champion of Okawaru.
             Demolished by an Orb Guardian (29 damage)
             ... on level 5 of the Realm of Zot on May 22, 2021.
             The game lasted 05:55:42 (82270 turns).

Wyvernaa the Skullcrusher (Demonspawn Gladiator)   Turns: 82270, Time: 05:55:42

Health: -14/199    AC: 54    Str: 24    XL:     27
Magic:  32/34      EV: 16    Int: 13    God:    Okawaru [******]
Gold:   10480      SH:  5    Dex: 23    Spells: 26/26 levels left

rFire    + + +     SeeInvis .   X - +10 dark maul {vorpal}
rCold    + . .     Faith    .   (shield currently unavailable)
rNeg     + + +     Spirit   .   A - +12 gold dragon scales
rPois    +         Reflect  +   (helmet unavailable)
rElec    +         Harm     .   W - +3 cloak of Eye-covered Surprise {rF+ Will+ Regen+}
rCorr    +         Rampage  .   M - +1 pair of gloves "Sioqus" {Will+ rCorr Dex+2}
Will     +++++                  h - +1 pair of boots of Philately {Drain Fly rElec Will++}
Stlth    ..........             a - amulet of Idghao {Reflect rF+ Regen+ Slay+3 SH+5}
HPRegen  4.43/turn              n - ring "Aboaden" {rF+++ rN+ Str+3}
MPRegen  0.24/turn              x - ring of Resumed Hostilities {rPois rN++ Int+3}

@: heroic, marked, flying, studying Staves
A: horns 3, slimy green scales 3, demonic guardian 3, spiny 3, augmentation 3,
claws 1, talons 1, frail 2, low mp 1, regeneration 2, screaming 1, evolution 1
}: 4/15 runes: decaying, serpentine, slimy, silver
a: Renounce Religion, Heroism, Finesse


You were on level 5 of the Realm of Zot.
You worshipped Okawaru.
Okawaru was exalted by your worship.
You visited 13 branches of the dungeon, and saw 59 of its levels.
You visited the Abyss 3 times.
You also visited: Ossuary, Bailey, Gauntlet and Volcano.

You collected 14631 gold pieces.
You spent 4151 gold pieces at shops.

Inventory:

Hand Weapons
 J - a +7 spectral eveningstar
 X - the +10 dark maul (weapon) {vorpal}
   (You took it off an ironbound preserver on level 5 of the Vaults)

   It inflicts extra damage upon your enemies.
Missiles
 c - 7 atropa-tipped darts
 d - 7 throwing nets
 p - 7 curare-tipped darts
 O - 4 boomerangs of dispersal (quivered)
Armour
 h - the +1 pair of boots of Philately (worn) {Drain Fly rElec Will++}
   (Okawaru gifted it to you on level 1 of the Snake Pit)

   It insulates you from electricity.
   It grants you flight.
   It drains your maximum health when unequipped.
   It greatly increases your willpower.
 v - the +12 tower shield of Etituec {Dex+2}
   (Okawaru gifted it to you on level 5 of the Vaults)

   It affects your dexterity (+2).
 A - +12 gold dragon scales (worn)
 M - the +1 pair of gloves "Sioqus" (worn) {Will+ rCorr Dex+2}
   (You acquired it on level 2 of the Depths)

   It affects your dexterity (+2).
   It protects you from acid and corrosion.
   It increases your willpower.
 W - the +3 cloak of Eye-covered Surprise (worn) {rF+ Will+ Regen+}
   (Okawaru gifted it to you on level 2 of the Crypt)

   It protects you from fire.
   It increases your rate of health regeneration.
   It increases your willpower.
 Y - a +0 crystal plate armour
Jewellery
 a - the amulet of Idghao (around neck) {Reflect rF+ Regen+ Slay+3 SH+5}
   (You found it on level 5 of the Pits of Slime)

   [amulet of reflection]

   It reflects blocked missile attacks.
   It affects your accuracy and damage with ranged weapons and melee attacks
   (+3).
   It protects you from fire.
   It increases your rate of health regeneration.
   It affects your SH (+5).
 f - the ring "Vuygysta" {rElec rC+ rN+ rCorr}
   (You found it on level 3 of the Crypt)

   [ring of positive energy]

   It protects you from cold.
   It insulates you from electricity.
   It protects you from negative energy.
   It protects you from acid and corrosion.
 n - the ring "Aboaden" (left hand) {rF+++ rN+ Str+3}
   (You found it on level 3 of the Crypt)

   [ring of positive energy]

   It affects your strength (+3).
   It renders you almost immune to fire.
   It protects you from negative energy.
 s - the ring of Kurulo {Will++ AC+4}
   (You took it off a deep elf sorcerer on level 3 of the Elven Halls)

   [ring of protection]

   It affects your AC (+4).
   It greatly increases your willpower.
 x - the ring of Resumed Hostilities (right hand) {rPois rN++ Int+3}
   (You found it on level 5 of the Vaults)

   [ring of poison resistance]

   It affects your intelligence (+3).
   It protects you from poison.
   It greatly protects you from negative energy.
 I - a ring of willpower
 R - a ring of see invisible
 S - a ring of ice
Wands
 b - a wand of acid (16)
 j - a wand of charming (10)
 m - a wand of flame (153)
 t - a wand of mindburst (15)
 B - a wand of iceblast (78)
 E - a wand of paralysis (56)
 H - a wand of polymorph (53)
 T - a wand of digging (32)
Scrolls
 l - 12 scrolls of fear
 q - 16 scrolls of teleportation
 y - 11 scrolls of fog
 F - a scroll of summoning
 G - a scroll of brand weapon
 L - 25 scrolls of identify
 N - a scroll of blinking
 Q - 4 scrolls of magic mapping
 V - 4 scrolls of enchant armour
Potions
 e - 2 potions of heal wounds
 g - 15 potions of curing
 i - 10 potions of haste
 k - 7 potions of mutation
 r - 5 potions of berserk rage
 u - 6 potions of invisibility
 w - 3 potions of cancellation
 z - 8 potions of lignification
 C - 5 potions of resistance
 D - 6 potions of ambrosia
 P - 7 potions of might
Miscellaneous
 o - the horn of Geryon
 K - a phantom mirror
 U - a box of beasts


   Skills:
 O Level 27 Fighting
 - Level 5.7(10.7) Long Blades
 O Level 27 Maces & Flails
 - Level 2.7(7.7) Polearms
 - Level 2.6(7.6) Throwing
 + Level 22.1(27) Armour
 * Level 11.5(16.5) Dodging
 - Level 4.2(9.2) Stealth
 - Level 15.0(20.0) Shields
 * Level 22.3 Invocations
 * Level 10.4 Evocations


You had 26 spell levels left.
You didn't know any spells.
Your spell library contained the following spells:

 Spells                   Type           Power      Damage    Failure   Level
 Animate Skeleton         Necr           0%         N/A       93%         1
 Apportation              Tloc           0%         N/A       93%         1
 Beastly Appendage        Tmut           0%         N/A       93%         1
 Corona                   Hex            0%         N/A       93%         1
 Foxfire                  Conj/Fire      0%         2x1d4     93%         1
 Magic Dart               Conj           0%         1d3       93%         1
 Sandblast                Erth           0%         2d4       93%         1
 Shock                    Conj/Air       0%         1d3       93%         1
 Sting                    Tmut/Pois      0%         1d3       93%         1
 Summon Small Mammal      Summ           0%         N/A       93%         1
 Call Imp                 Summ           0%         N/A       98%         2
 Ensorcelled Hibernation  Hex/Ice        0%         N/A       98%         2
 Passwall                 Tmut/Erth      0%         N/A       98%         2
 Poisonous Vapours        Pois/Air       0%         N/A       98%         2
 Searing Ray              Conj           0%         3d3       98%         2
 Slow                     Hex            0%         N/A       98%         2
 Static Discharge         Conj/Air       0%         N/A       98%         2
 Wereblood                Tmut           0%         N/A       98%         2
 Call Canine Familiar     Summ           0%         N/A       100%        3
 Confusing Touch          Hex            0%         N/A       100%        3
 Conjure Flame            Conj/Fire      0%         6-21      100%        3
 Dazzling Flash           Conj/Hex       0%         N/A       100%        3
 Frozen Ramparts          Ice            0%         1d2       100%        3
 Gell's Gravitas          Tloc           0%         N/A       100%        3
 Ignite Poison            Fire/Tmut/Pois 0%         N/A       100%        3
 Inner Flame              Hex/Fire       0%         N/A       100%        3
 Mephitic Cloud           Conj/Pois/Air  0%         N/A       100%        3
 Portal Projectile        Hex/Tloc       0%         N/A       100%        3
 Spider Form              Tmut/Pois      0%         N/A       100%        3
 Stone Arrow              Conj/Erth      0%         3d7       100%        3
 Summon Guardian Golem    Hex/Summ       0%         N/A       100%        3
 Swiftness                Air            0%         N/A       100%        3
 Tukima's Dance           Hex            0%         N/A       100%        3
 Airstrike                Air            0%         N/A       100%        4
 Animate Armour           Summ/Erth      0%         N/A       100%        4
 Animate Dead             Necr           0%         N/A       100%        4
 Cause Fear               Hex            0%         N/A       100%        4
 Fulminant Prism          Conj/Hex       0%         3d6       100%        4
 Hailstorm                Conj/Ice       0%         3d3       100%        4
 Ice Form                 Ice/Tmut       0%         N/A       100%        4
 Iskenderun's Mystic Bla  Conj/Tloc      0%         2d3       100%        4
 Leda's Liquefaction      Hex/Erth       0%         N/A       100%        4
 Olgreb's Toxic Radiance  Pois           0%         N/A       100%        4
 Petrify                  Tmut/Erth      0%         N/A       100%        4
 Sticky Flame             Conj/Fire      0%         2d3       100%        4
 Summon Ice Beast         Ice/Summ       0%         N/A       100%        4
 Summon Lightning Spire   Summ/Air       0%         N/A       100%        4
 Alistair's Intoxication  Tmut/Pois      0%         N/A       100%        5
 Bolt of Magma            Conj/Fire/Erth 0%         4d4       100%        5
 Borgnjor's Vile Clutch   Necr/Erth      0%         N/A       100%        5
 Fireball                 Conj/Fire      0%         3d3       100%        5
 Hydra Form               Tmut           0%         N/A       100%        5
 Irradiate                Conj/Tmut      0%         3d13      100%        5
 Lee's Rapid Deconstruct  Erth           0%         3d5*      100%        5
 Lightning Bolt           Conj/Air       0%         1d11      100%        5
 Metabolic Englaciation   Hex/Ice        0%         N/A       100%        5
 Silence                  Hex/Air        0%         N/A       100%        5
 Summon Forest            Summ/Tloc      0%         N/A       100%        5
 Summon Mana Viper        Hex/Summ       0%         N/A       100%        5
 Yara's Violent Unravell  Hex/Tmut       0%         3d3       100%        5
 Blade Hands              Tmut           0%         N/A       100%        6
 Death Channel            Necr           0%         N/A       100%        6
 Freezing Cloud           Conj/Ice/Air   0%         6-21      100%        6
 Iron Shot                Conj/Erth      0%         9d1       100%        6
 Shadow Creatures         Summ           N/A        N/A       100%        6
 Simulacrum               Ice/Necr       0%         N/A       100%        6
 Starburst                Conj/Fire      0%         8x6d3     100%        6
 Statue Form              Tmut/Erth      0%         N/A       100%        6
 Dragon Form              Tmut           0%         N/A       100%        7
 Haunt                    Necr/Summ      0%         N/A       100%        7
 Malign Gateway           Summ/Tloc      0%         N/A       100%        7
 Monstrous Menagerie      Summ           0%         N/A       100%        7
 Ozocubu's Refrigeration  Ice            0%         4d5       100%        7
 Summon Hydra             Summ           0%         N/A       100%        7
 Discord                  Hex            0%         N/A       100%        8
 Ignition                 Fire           0%         3d3       100%        8
 Summon Horrible Things   Summ           0%         N/A       100%        8
 Shatter                  Erth           0%         3d5*      100%        9


Dungeon Overview and Level Annotations

Branches:
Dungeon (15/15)            Temple (1/1) D:7            Lair (6/6) D:11
  Swamp (4/4) Lair:2        Snake (4/4) Lair:2        Slime (5/5) Lair:5
    Orc (2/2) D:12            Elf (3/3) Orc:2        Vaults (5/5) D:13
  Crypt (3/3) Vaults:3       Tomb (0/3) Crypt:3      Depths (5/5) D:15
   Hell (visited)             Tar (0/7) Hell            Zot (5/5) Depths:5
Ossuary (visited)          Bailey (visited)         Volcano (visited)
Gauntlet (visited)
    Dis: Hell:1         Geh: Hell:1         Coc: Hell:1

Altars:
Ashenzari
Cheibriados
Dithmenos
Elyvilon
Fedhas
Gozag
Hepliaklqana
Kikubaaqudgha
Makhleb
Nemelex Xobeh
Okawaru
Qazlal
Ru
Sif Muna
Trog
Uskayaw
Vehumet
Wu Jian
Xom
Yredelemnul
Zin
The Shining One
Beogh
Jiyva
Lugonu

Shops:
D:3 (   D:11 *   D:15 [   Orc:2 =*([   Elf:2 (   Elf:3 :   Vaults:1 :
Vaults:4 !   Depths:1 *=[

Portals:
Hell: Depths:1 Depths:2 Depths:3 Depths:4 Depths:5
Abyss: Depths:2 Depths:4 Depths:5
Pandemonium: Depths:3 Depths:4
Ziggurat: Depths:1

Annotations:
D:8 exclusion: oklob sapling
D:9 2 transporters
D:12 exclusion: orange crystal statue
Lair:4 exclusion: 2 oklob plants
Swamp:4 3 runed translucent doors, Ystrie Nocov's ghost, journeyman DEIE
Hell exclusion: 2 ice statues


Innate Abilities, Weirdness & Mutations

You have a pair of large horns on your head.
You are completely covered in slimy green scales. (AC +4, rPois)
A powerful demonic guardian rushes to your aid.
You are completely covered in sharp spines.
Your magical and physical power is greatly enhanced at high health.
You have sharp fingernails.
You have sharp toenails.
You are very frail. (-20% HP)
Your magical capacity is low. (-10% MP)
You heal very quickly.
You occasionally shout uncontrollably at your foes.
You evolve.


Message History

The Orb Guardian is struck by your spines.
The Orb Guardian misses you.
The Orb Guardian is struck by your spines.
The Orb Guardian hits you but does no damage.
The Orb Guardian hits you!
The moth of wrath goads the Orb Guardian on!
The Orb Guardian goes berserk!
The Orb Guardian is struck by your spines.
The Orb Guardian hits you.
The Orb Guardian is struck by your spines.
The Orb Guardian barely misses you.
The Orb Guardian is struck by your spines.
The Orb Guardian hits you but does no damage.
The Orb Guardian hits you!!!
* * * LOW HITPOINT WARNING * * *
The Orb Guardian completely misses you. You block the Orb Guardian's attack. x2
The Orb Guardian completely misses you.
The Orb Guardian hits you but does no damage.
You see here a +8 club.
The Orb Guardian is struck by your spines.
The Orb Guardian hits you but does no damage.
The moth of wrath goads the Orb Guardian on!
The Orb Guardian goes berserk!
The Orb Guardian hits you!!
* * * LOW HITPOINT WARNING * * *
Unknown command.
You gain the combat prowess of a mighty hero.
The Orb Guardian is struck by your spines.
The Orb Guardian hits you.
* * * LOW HITPOINT WARNING * * *
You hit the Orb Guardian.
You headbutt the Orb Guardian, but do no damage.
The Orb Guardian is severely wounded.
The Orb Guardian is struck by your spines.
The Orb Guardian hits you but does no damage.
The Orb Guardian completely misses you. You block the Orb Guardian's attack.
The Orb Guardian is struck by your spines.
The Orb Guardian hits you!!!
* * * LOW HITPOINT WARNING * * *
A demonic guardian appears!
The Orb Guardian hits you!!
You die...

▓▓......................▓...,,
▓▓.........^.............▓*,.,,
▓........................▓**,,,
▓........................# ****
▓▓......................##
▓▓...............^)..▓##
▓▓.......y.^.....▓▓▓▓
▓▓.....##▓▓▓▓▓▓▓▓▓▓▓#
##.......y)X@.1..)†).###
##..........XXX...##....##
*#........).........###...#####
#?^.........)........###).)....
#..^.................# ##......
#....^........^......# #......
#....................# ##.....
#....................# #.....
#....................# ##.....


You could see 4 Orb Guardians, a moth of wrath and a friendly Hell Sentinel
(summoned).

Vanquished Creatures
  the Royal Jelly (Slime:5)
  2 dread liches
  5 ancient liches
  7 orbs of fire
  2 juggernauts
  Bai Suzhen (Swamp:4)
  2 curse toes
  3 Killer Klowns (Zot:5)
  Geryon (Hell)
  Frederick (Crypt:1)
  A caustic shrike (Depths:2)
  Nikola (Vaults:1)
  Jory (Crypt:1)
  13 golden dragons
  3 bone dragons
  A profane servitor (Abyss:3)
  15 tentacled monstrosities
  21 Orb Guardians (Zot:5)
  2 electric golems (Zot:5)
  11 liches
  A deep elf master archer (Elf:3)
  2 deep elf blademasters (Elf:3)
  6 titans
  5 quicksilver dragons
  16 acid blobs
  9 ancient champions
  5 tentacled starspawn
  Gastronok (Lair:3)
  14 shadow dragons
  13 death cobs
  9 tengu reavers
  3 thorn hunters (Swamp:4)
  14 storm dragons
  8 sphinxes
  Kirke (D:14)
  3 revenants
  12 fire giants
  Donald (Swamp:2)
  4 fenstrider witches (Swamp:4)
  11 azure jellies
  9 rockslimes
  6 draconian monks
  4 nagarajas
  Roxanne (D:14)
  4 iron dragons
  7 draconian knights
  4 balrugs
  5 draconian scorchers
  6 deep elf sorcerers
  3 ghost moths (Zot:3)
  Aizul (Depths:2)
  15 frost giants
  3 cacodemons
  10 ghouls
  17 vault wardens
  2 orc warlords
  A juggernaut zombie (Hell)
  6 deep elf elementalists
  4 spectral caustic shrikes (Depths:1)
  9 draconian shifters
  25 ironbound preservers
  5 war gargoyles
  4 spriggan defenders
  4 draconian stormcallers
  3 curse skulls
  2 reapers (Hell)
  7 draconian annihilators
  6 quicksilver oozes
  33 very ugly things
  8 vampire knights
  19 stone giants
  8 black draconians
  48 starcursed masses
  11 green draconians
  9 red draconians
  9 bunyips
  17 purple draconians
  A dire elephant (shapeshifter) (Depths:5)
  7 deep elf demonologists
  16 yellow draconians
  9 deep elf annihilators
  2 lorocyprocas
  7 eleionomae
  A minotaur (Gauntlet)
  11 spark wasps
  10 dire elephants
  2 entropy weavers
  18 white draconians
  23 ettins
  Snorg (D:11)
  8 deep elf death magi
  3 blizzard demons
  8 deep elf high priests
  A green death (Hell)
  2 mummy priests (Crypt:3)
  Josephine (D:11)
  17 fire dragons
  13 jiangshi
  13 yaktaur captains
  7 eidola
  A fire dragon (shapeshifter) (Depths:2)
  12 great orbs of eyes
  2 shambling mangroves (Swamp:4)
  16 naga warriors
  3 ironbound thunderhulks
  9 rakshasas
  Harold (Orc:2)
  14 ice dragons
  4 catoblepae
  A salamander tyrant (Snake:4)
  19 hydras
  46 vault guards
  20 centaur warriors
  6 spriggan air magi
  19 two-headed ogres
  8 ogre magi
  9 alligators
  2 death knights
  31 dancing weapons
  A ghost crab (Gauntlet)
  8 ironbound frosthearts
  5 death yaks (Lair:5)
  10 anacondas
  8 hell hogs
  11 deep troll shamans
  8 tengu warriors
  10 vampire magi
  5 orc high priests
  7 deep troll earth magi
  8 ironbound beastmasters
  4 titan zombies
  6 naga sharpshooters
  4 spriggan berserkers
  5 shock serpents
  A shock serpent (shapeshifter) (Vaults:5)
  Urug (Lair:6)
  Nergalle (Orc:2)
  4 thrashing horrors
  13 deep elf knights
  8 hell knights
  11 sun demons
  A titan skeleton (Crypt:1)
  A storm dragon zombie (Hell)
  6 soul eaters
  5 wretched stars
  2 spatial maelstroms
  2 fire crabs (shapeshifter)
  8 iron trolls
  2 shadow wraiths
  4 salamander mystics
  5 sixfirhies
  2 goliath frogs
  13 skeletal warriors
  A death drake (Swamp:3)
  79 deep trolls
  A tengu zombie (Hell)
  3 spriggan druids (Swamp:4)
  An entropy weaver zombie (Crypt:1)
  10 flayed ghosts
  7 swamp dragons
  9 deep elf archers
  19 large abominations
  16 bog bodies
  7 naga ritualists
  19 phantasmal warriors
  7 glowing orange brains
  15 wizards
  2 spectral hydras (Swamp:2)
  16 necromancers
  10 mana vipers
  28 deep elf pyromancers
  7 goliath frog zombies (Swamp:2)
  2 sphinx zombies (Hell)
  17 harpies
  8 orc knights
  An anaconda skeleton (Crypt:3)
  20 deep elf zephyrmancers
  18 ironbound convokers
  An orb spider (shapeshifter) (D:14)
  8 lindwurms
  5 orc sorcerers
  3 wolf spider zombies
  2 fire giant zombies
  21 salamanders
  43 ugly things
  4 shining eyes
  2 wolf spiders
  3 frost giant zombies
  3 stone giant zombies
  2 worldbinders (Abyss:3)
  3 will-o-the-wisps
  26 moths of wrath
  10 manticores
  6 cyclopes
  3 rust devils (Hell)
  An apocalypse crab (Abyss:3)
  2 fire giant skeletons
  37 black mambas
  7 guardian serpents
  22 naga magi
  17 vault sentinels
  Maurice (D:10)
  A titan simulacrum (Crypt:2)
  An eleionoma skeleton (Crypt:2)
  An eye of devastation (Slime:5)
  3 dire elephant zombies
  A molten gargoyle (Hell)
  10 smoke demons
  A kobold demonologist (D:11)
  11 cane toads
  6 orange demons
  4 swamp worm zombies (Swamp:2)
  A black draconian zombie (Crypt:1)
  An iron troll zombie (Crypt:1)
  3 hellions
  5 ancient zymes
  7 freezing wraiths
  A demonic crawler (Abyss:2)
  An elf skeleton (Depths:3)
  5 rime drakes
  2 ice devils
  13 komodo dragons
  57 yaktaurs
  4 hellwings
  4 efreet
  12 tengu conjurers
  A yaktaur skeleton (Vaults:3)
  14 guardian mummies (Crypt:3)
  3 red devils
  An iron troll skeleton (Crypt:3)
  A jumping spider (shapeshifter) (Abyss:3)
  A sea snake skeleton (Hell)
  7 polar bears
  8 tyrant leeches
  A hydra zombie (Abyss:3)
  A shadow dragon simulacrum (Depths:3)
  15 trolls
  12 hornets
  10 raiju
  83 slime creatures
  3 fire dragon zombies
  12 blink frogs
  3 ettin zombies
  12 dream sheep
  3 spectral swamp dragons (Swamp:2)
  A death drake skeleton (Crypt:3)
  A meliai zombie (D:10)
  A slime creature (shapeshifter) (Abyss:3)
  An alligator zombie (Swamp:2)
  A snapping turtle (shapeshifter) (Vaults:3)
  3 redbacks
  An alligator skeleton (Hell)
  3 air elementals
  A centaur simulacrum (D:12)
  A black mamba zombie (Crypt:2)
  An elf simulacrum (Vaults:3)
  4 water elementals
  9 wyverns
  A yak (shapeshifter) (Vaults:5)
  42 yaks
  4 vampires
  An ice dragon skeleton (Crypt:2)
  An ettin skeleton (Crypt:2)
  A fire bat (shapeshifter) (D:15)
  A dire elephant simulacrum (Abyss:3)
  A fire dragon skeleton (Crypt:2)
  A basilisk (shapeshifter) (Elf:2)
  18 spriggans
  4 ynoxinuls (Abyss:3)
  2 shadows
  11 wraiths
  Grum (D:10)
  5 humans (D:13)
  2 fire bats (Volcano)
  3 golden eyes (Slime:1)
  6 basilisks
  4 vampire mosquitoes
  2 neqoxecs (Abyss:3)
  2 fire elementals
  A tyrant leech zombie (Swamp:2)
  5 steam dragons
  7 chaos spawn
  23 swamp worms
  A steam dragon (shapeshifter) (Vaults:4)
  A human simulacrum (Vaults:3)
  9 spatial vortices
  61 nagas
  2 deep troll zombies
  13 wargs
  A two-headed ogre zombie (Crypt:2)
  16 water moccasins
  4 hell hounds (Elf:1)
  Duvessa (D:7)
  2 swamp drakes (Swamp:2)
  2 floating eyes
  An ice beast (shapeshifter) (Depths:2)
  An alligator simulacrum (Crypt:2)
  An ice beast (D:6)
  4 black bears
  44 orc warriors
  A sky beast (D:8)
  An elephant zombie (Crypt:3)
  20 ogres
  2 necrophages
  45 wolves
  5 boggarts (Lair:6)
  14 centaurs
  A swamp dragon skeleton (Crypt:1)
  A dream sheep skeleton (Crypt:3)
  2 snapping turtle skeletons
  2 phantoms
  A yaktaur zombie (Crypt:2)
  Blork the orc (Orc:2)
  13 bullfrogs
  3 earth elementals
  7 kobold brigands
  9 small abominations (Abyss:3)
  3 scorpions
  A glowing shapeshifter simulacrum (Depths:3)
  A water moccasin zombie (D:6)
  5 spriggan zombies
  A troll zombie (Crypt:3)
  6 killer bees (D:8)
  8 wights
  2 vampire bats (Orc:2)
  A warg skeleton (Crypt:1)
  3 electric eels
  A lava snake (Lair:2)
  4 howler monkeys
  4 centaur zombies
  A jelly (D:7)
  A quasit (Abyss:2)
  A bullfrog zombie (D:6)
  4 hounds
  24 orc priests
  A black bear zombie (Crypt:3)
  2 human zombies
  3 bullfrog skeletons
  3 iron imps
  A black bear skeleton (Crypt:1)
  A basilisk skeleton (Crypt:2)
  An iguana (D:4)
  An iguana (shapeshifter) (Vaults:4)
  19 orc wizards
  15 hell rats
  Ijyb (D:4)
  2 lightning spires (Gauntlet)
  2 killer bee zombies (D:6)
  2 naga skeletons
  5 mummies
  3 howler monkey zombies
  10 adders
  10 gnolls
  3 shadow imps (D:6)
  2 white imps
  2 ufetubi (Abyss:3)
  A worm zombie (Crypt:1)
  3 adder zombies (Ossuary)
  An iguana zombie (Crypt:1)
  A worm (D:2)
  3 dart slugs
  88 orcs
  10 bats
  6 endoplasms
  4 giant cockroaches
  7 goblins
  5 hobgoblins
  3 jackals (D:5)
  4 quokkas
  8 ball pythons
  5 frilled lizards
  8 goblin zombies
  2 hobgoblin zombies
  24 kobolds
  A kobold skeleton (Crypt:3)
  2 kobold zombies (Ossuary)
  An orc zombie (Ossuary)
  2 quokka zombies (Ossuary)
  8 rats
  A rat zombie (Ossuary)
  A river rat zombie (Crypt:3)
  2 plants (Zot:2)
2892 creatures vanquished.

Vanquished Creatures (collateral kills)
  An orb of fire (Zot:5)
  A titan (Depths:2)
  2 acid blobs (Slime:5)
  3 quicksilver dragons
  An ancient champion (Crypt:3)
  A nagaraja (Snake:4)
  A tengu reaver (Vaults:3)
  A storm dragon (Zot:5)
  A draconian monk (Zot:5)
  A fire giant (Vaults:5)
  A ghost moth (Zot:1)
  A deep elf sorcerer (Elf:3)
  2 azure jellies (Slime:5)
  An orc warlord (Orc:2)
  A vault warden (Vaults:4)
  A curse skull (Crypt:2)
  A reaper (Swamp:4)
  A quicksilver ooze (Slime:4)
  A very ugly thing (Abyss:1)
  2 vampire knights
  3 black draconians
  2 dire elephants (Depths:4)
  A white draconian (Zot:3)
  A yellow draconian (Zot:3)
  A deep elf death mage (Elf:3)
  A mummy priest (Crypt:3)
  2 ettins
  A yaktaur captain (Vaults:3)
  A fire dragon (Depths:2)
  A hydra (Swamp:3)
  A rakshasa (Depths:2)
  A boulder beetle (D:12)
  An ice dragon (Depths:2)
  An ogre mage (Swamp:4)
  2 two-headed ogres (D:15)
  A deep troll earth mage (Depths:4)
  A shock serpent (Snake:1)
  2 hell knights (Depths:3)
  A deep elf knight (Elf:1)
  A titan zombie (Crypt:3)
  2 skeletal warriors (D:15)
  A wizard (Swamp:4)
  A death drake (Swamp:2)
  A naga ritualist (Snake:4)
  8 deep trolls
  2 necromancers
  A harpy (Vaults:1)
  2 ugly things (Vaults:1)
  A deep elf pyromancer (Elf:2)
  2 orc sorcerers
  A fire giant zombie (Crypt:1)
  3 salamanders
  A black mamba (Snake:1)
  A smoke demon (Abyss:1)
  3 orange demons
  A dire elephant skeleton (Crypt:3)
  2 cane toads
  A yaktaur (Vaults:2)
  A komodo dragon (Lair:6)
  2 tengu conjurers (Depths:2)
  A ghost moth simulacrum (Crypt:3)
  A troll (D:9)
  10 slime creatures
  2 hornets
  A spectral swamp dragon (Swamp:2)
  2 yaks (Lair:1)
  A spriggan (Depths:4)
  A naga (Snake:1)
  A swamp worm (Swamp:4)
  An acid dragon (D:10)
  6 orc warriors
  An ogre (Orc:2)
  A centaur (Bailey)
  Dowan (D:7)
  A killer bee (D:9)
  A wight (D:8)
  An electric eel (Lair:2)
  2 orc priests (Orc:2)
  An iguana (D:5)
  An orc wizard (Orc:2)
  6 orcs
131 creatures vanquished.

Vanquished Creatures (others)
  A fire dragon (Depths:2)
  A vault guard (D:13)
  A two-headed ogre (Depths:4)
  A wizard (Vaults:3)
  A bog body (Swamp:4)
  A worldbinder (Abyss:3)
  A bloated husk (Swamp:4)
  5 humans (D:14)
  An orc warrior (Bailey)
  5 briar patches (Swamp:4)
  A bush (D:8)
  3 demonic plants (Abyss:2)
  8 foxfires
  23 fungi
  138 plants
  13 starspawn tentacles
  2 toadstools (Depths:2)
  4 withered plants
210 creatures vanquished.

Grand Total: 3233 creatures vanquished

Notes
Turn   | Place    | Note
-------+----------+-------------------------------------------
     0 | D:1      | Wyvernaa the Demonspawn Gladiator began the quest for the
                  | Orb.
     0 | D:1      | Reached XP level 1. HP: 16/16 MP: 1/1
   360 | D:1      | Gained mutation: You are partially covered in slimy green
                  | scales. (AC +2) [demonic ancestry]
   360 | D:1      | Reached XP level 2. HP: 22/22 MP: 2/2
   834 | D:1      | Gained mutation: You are mostly covered in slimy green
                  | scales. (AC +3) [demonic ancestry]
   834 | D:1      | Reached XP level 3. HP: 27/27 MP: 3/3
  1044 | D:1      | Reached skill level 1 in Maces & Flails
  1874 | D:3      | Reached XP level 4. HP: 33/33 MP: 4/4
  2027 | D:3      | Found Enoimap's Weapon Boutique.
  2119 | D:3      | Reached skill level 1 in Armour
  2119 | D:3      | Gained mutation: You are partially covered in sharp spines.
                  | [demonic ancestry]
  2119 | D:3      | Reached XP level 5. HP: 6/39 MP: 5/5
  2609 | D:4      | Reached skill level 1 in Stealth
  2614 | D:4      | Noticed Ijyb
  2634 | D:4      | Killed Ijyb
  2751 | D:4      | Noticed an ogre
  2931 | D:4      | Noticed an ogre
  2939 | D:4      | Killed an ogre
  3126 | D:4      | Noticed a phantom
  3147 | D:4      | Killed a phantom
  3148 | D:4      | Gained mutation: A weak demonic guardian rushes to your
                  | aid. [demonic ancestry]
  3148 | D:4      | Reached XP level 6. HP: 46/46 MP: 6/6
  3806 | D:5      | Entered Level 5 of the Dungeon
  3905 | D:5      | Found a sacrificial altar of Ru.
  4041 | D:5      | Found a sand-covered staircase.
  4048 | Ossuary  | Entered an ossuary
  4054 | Ossuary  | Reached skill level 1 in Shields
  4056 | Ossuary  | Gained mutation: You have a pair of small horns on your
                  | head. [demonic ancestry]
  4056 | Ossuary  | Reached XP level 7. HP: 46/51 MP: 7/7
  4232 | D:5      | Found a hide-covered altar of Uskayaw.
  4277 | D:5      | Reached skill level 5 in Maces & Flails
  4591 | D:5      | Noticed a yak
  4591 | D:5      | Noticed a yak
  4591 | D:5      | Noticed a yak
  4606 | D:5      | Killed a yak
  4612 | D:5      | Killed a yak
  4617 | D:5      | Killed a yak
  4618 | D:5      | Gained mutation: You are mostly covered in sharp spines.
                  | [demonic ancestry]
  4618 | D:5      | Reached XP level 8. HP: 31/58 MP: 8/8
  5192 | D:6      | Found a stormy altar of Qazlal.
  5380 | D:6      | Noticed an angel
  5513 | D:6      | Reached XP level 9. HP: 65/65 MP: 9/9
  6402 | D:7      | Found a staircase to the Ecumenical Temple.
  6418 | Temple   | Entered the Ecumenical Temple
  6482 | Temple   | Became a worshipper of Warmaster Okawaru
  6606 | D:7      | Noticed Duvessa
  6611 | D:7      | Noticed Dowan
  6617 | D:7      | Killed Duvessa
  6624 | D:7      | Killed Dowan
  6870 | D:7      | Identified a scroll of acquirement
  6871 | D:7      | Acquired 968 gold pieces
  6938 | D:8      | Reached * piety under Okawaru
  7213 | D:8      | Noticed a two-headed ogre
  7310 | D:8      | Reached XP level 10. HP: 42/73 MP: 10/10
  7656 | D:8      | Reached ** piety under Okawaru
  7971 | D:8      | Found a bloodstained altar of Trog.
  7977 | D:8      | Found a sparkling altar of Nemelex Xobeh.
  8182 | D:8      | Killed a two-headed ogre
  8183 | D:8      | Reached skill level 5 in Armour
  8493 | D:9      | Reached *** piety under Okawaru
  8494 | D:9      | Reached skill level 5 in Shields
  8502 | D:9      | Found a bloodstained altar of Trog.
  8511 | D:9      | Reached skill level 1 in Evocations
  8766 | D:9      | Found a transporter.
  8805 | D:9      | Found a transporter.
  8840 | D:9      | Noticed a seven-headed hydra
  8852 | D:9      | Killed a seven-headed hydra
  8853 | D:9      | Reached skill level 10 in Maces & Flails
  8996 | D:9      | Found a blossoming altar of Fedhas.
  8996 | D:9      | Noticed a two-headed ogre
  9016 | D:9      | Killed a two-headed ogre
  9017 | D:9      | Reached skill level 5 in Fighting
  9017 | D:9      | Reached skill level 1 in Invocations
  9060 | D:9      | Reached skill level 5 in Dodging
  9214 | D:9      | Noticed a centaur warrior
  9226 | D:9      | Killed a centaur warrior
  9226 | D:9      | Reached **** piety under Okawaru
  9227 | D:9      | Gained mutation: You have a pair of horns on your head.
                  | [demonic ancestry]
  9227 | D:9      | Reached XP level 11. HP: 48/79 MP: 11/13
  9432 | D:10     | Entered Level 10 of the Dungeon
  9476 | D:10     | Found a blossoming altar of Fedhas.
  9899 | D:10     | Noticed Grum
  9920 | D:10     | Killed Grum
 10015 | D:10     | Noticed Maurice
 10039 | D:10     | Killed Maurice
 10180 | D:10     | Reached ***** piety under Okawaru
 10351 | D:11     | Found a sparkling altar of Nemelex Xobeh.
 10354 | D:11     | Found Kaoc's General Store.
 10485 | D:11     | Found a gate leading to a gauntlet.
 10490 | Gauntlet | Entered a Gauntlet
 10490 | Gauntlet | Found a transporter.
 10493 | Gauntlet | Found a transporter.
 10495 | Gauntlet | Found a transporter.
 10496 | Gauntlet | Noticed a ghost crab
 10499 | Gauntlet | Found a transporter.
 10504 | Gauntlet | Noticed a death scarab
 10509 | Gauntlet | Found a transporter.
 10509 | Gauntlet | Found a transporter.
 10538 | Gauntlet | Noticed a necromancer
 10540 | Gauntlet | Noticed a death yak
 10541 | Gauntlet | Found a transporter.
 10541 | Gauntlet | Noticed a death yak
 10542 | Gauntlet | Noticed a death yak
 10544 | Gauntlet | Noticed a death yak
 10544 | Gauntlet | Noticed a death yak
 10550 | Gauntlet | Found a transporter.
 10553 | Gauntlet | Found a transporter.
 10567 | Gauntlet | Found a transporter.
 10567 | Gauntlet | Found a transporter.
 10610 | Gauntlet | Noticed a death scarab
 10628 | Gauntlet | Found a transporter.
 10730 | Gauntlet | Identified the +0 hat of Nemelex Xobeh's Regard {*Slow
                  | rPois rF- SInv}
 10739 | Gauntlet | Killed a ghost crab
 11059 | Gauntlet | Noticed a minotaur
 11082 | Gauntlet | Killed a minotaur
 11082 | Gauntlet | Received a gift from Okawaru
 11092 | Gauntlet | Identified the +1 robe of Eternal Vigilance {Contam rCorr
                  | Str-4 Dex+8}
 11344 | D:11     | Found a staircase to the Lair.
 11454 | D:11     | Reached skill level 5 in Invocations
 11562 | D:11     | Noticed Snorg
 11583 | D:11     | Killed Snorg
 11920 | D:11     | Noticed a two-headed ogre
 11984 | D:11     | Killed a two-headed ogre
 12101 | D:11     | Reached XP level 12. HP: 87/87 MP: 16/16
 12245 | D:11     | Noticed Josephine
 12271 | D:11     | Killed Josephine
 12271 | D:11     | Received a gift from Okawaru
 12406 | D:12     | Found a flagged portal.
 12415 | Bailey   | Entered a bailey
 12785 | Bailey   | Acquired the +3 warlock's mirror {reflect}
 12786 | Bailey   | Found the +3 warlock's mirror {reflect}
 13263 | D:12     | Found a staircase to the Orcish Mines.
 13351 | D:12     | Noticed a seven-headed hydra
 13358 | D:12     | Killed a seven-headed hydra
 13784 | D:12     | Received a gift from Okawaru
 13840 | D:12     | Noticed a boulder beetle
 13878 | D:12     | Killed a boulder beetle
 14189 | D:12     | Reached ****** piety under Okawaru
 14433 | D:13     | Noticed a two-headed ogre
 14442 | D:13     | Killed a two-headed ogre
 14442 | D:13     | Received a gift from Okawaru
 14540 | D:13     | Killed a vault guard
 14649 | D:13     | Noticed a centaur warrior
 14656 | D:13     | Killed a centaur warrior
 14657 | D:13     | Reached XP level 13. HP: 68/95 MP: 19/19
 14826 | D:13     | Received a gift from Okawaru
 14827 | D:13     | Reached skill level 10 in Shields
 14944 | D:13     | Received a gift from Okawaru
 14981 | D:13     | Received a gift from Okawaru
 15103 | D:13     | Found a gate to the Vaults.
 15940 | D:14     | Noticed Kirke
 15946 | D:14     | Noticed a sphinx
 15967 | D:14     | Killed Kirke
 15967 | D:14     | Received a gift from Okawaru
 16214 | D:14     | Noticed Roxanne
 16241 | D:14     | Killed Roxanne
 16507 | Lair:1   | Entered Level 1 of the Lair of Beasts
 16535 | Lair:1   | Received a gift from Okawaru
 16882 | Lair:1   | Reached skill level 10 in Invocations
 16882 | Lair:1   | Reached XP level 14. HP: 105/106 MP: 21/21
 17411 | Lair:2   | Found a staircase to the Snake Pit.
 17807 | Lair:2   | Found a staircase to the Swamp.
 18402 | Lair:3   | Noticed Gastronok
 18421 | Lair:3   | Killed Gastronok
 18421 | Lair:3   | Identified the +2 robe of the First Baking Hells {Will+
                  | rCorr Str+3} (Okawaru gifted it to you on level 3 of the
                  | Lair of Beasts)
 18421 | Lair:3   | Received a gift from Okawaru
 20104 | Lair:5   | Found a dark tunnel.
 20107 | Volcano  | Entered a volcano
 20657 | Lair:5   | Received a gift from Okawaru
 20793 | Lair:5   | Identified the +1 hand crossbow of Tenacity {vorpal, rF-
                  | Str+2 Int+8 Dex+2} (Okawaru gifted it to you on level 5 of
                  | the Lair of Beasts)
 20793 | Lair:5   | Received a gift from Okawaru
 20885 | Lair:5   | Found a frozen archway.
 20940 | Lair:5   | Gained mutation: A demonic guardian rushes to your aid.
                  | [demonic ancestry]
 20940 | Lair:5   | Reached XP level 15. HP: 57/115 MP: 23/23
 21142 | Lair:5   | Found a staircase to the Slime Pits.
 21142 | Lair:5   | Found a viscous altar of Jiyva.
 21683 | Lair:6   | Entered Level 6 of the Lair of Beasts
 21892 | Lair:6   | Noticed Urug
 21905 | Lair:6   | Killed Urug
 21906 | Lair:6   | Reached skill level 10 in Fighting
 22020 | Lair:6   | Identified the +3 trident "Transmigrator" {antimagic, Fly
                  | Dex+5} (Okawaru gifted it to you on level 6 of the Lair of
                  | Beasts)
 22020 | Lair:6   | Received a gift from Okawaru
 23704 | D:15     | Entered Level 15 of the Dungeon
 23785 | D:15     | Received a gift from Okawaru
 23799 | D:15     | Received a gift from Okawaru
 23866 | D:15     | Found Ideoph's Armour Shoppe.
 24033 | D:15     | Reached skill level 10 in Armour
 24040 | D:15     | Found a staircase to the Depths.
 24687 | Orc:1    | Entered Level 1 of the Orcish Mines
 24855 | Orc:1    | Identified the +2 pair of boots of Faipsac {rF- Str+5
                  | Int+6} (Okawaru gifted it to you on level 1 of the Orcish
                  | Mines)
 24855 | Orc:1    | Received a gift from Okawaru
 25148 | Orc:2    | Entered Level 2 of the Orcish Mines
 25210 | Orc:2    | Found a staircase to the Elven Halls.
 25311 | Orc:2    | Noticed Nergalle
 25345 | Orc:2    | Killed Nergalle
 25346 | Orc:2    | Gained mutation: You are completely covered in slimy green
                  | scales. (AC +4, rPois) [demonic ancestry]
 25346 | Orc:2    | Reached XP level 16. HP: 106/124 MP: 19/25
 25506 | Orc:2    | Reached skill level 15 in Shields
 25512 | Orc:2    | Noticed Blork the orc
 25525 | Orc:2    | Killed Blork the orc
 25562 | Orc:2    | Found Peas's Jewellery Boutique.
 25631 | Orc:2    | Found Sugoem's Antique Weapon Boutique.
 26095 | Orc:2    | Found Ixzuridi's General Store.
 26123 | Orc:2    | Found Omeg's Antique Armour Boutique.
 26419 | Orc:2    | Bought the +11 plutonium sword {Contam Stlth-} for 2900
                  | gold pieces
 26419 | Orc:2    | Found the +11 plutonium sword {Contam Stlth-}
 26459 | Orc:1    | Noticed Harold
 26482 | Orc:2    | Killed Harold
 26589 | Orc:1    | Paralysed by an orc sorcerer for 7 turns
 26606 | Orc:1    | Reached skill level 1 in Long Blades
 27181 | Snake:1  | Entered Level 1 of the Snake Pit
 27378 | Snake:1  | HP: 5/126 [naga warrior/+0 glaive (12)]
 27488 | Snake:1  | Gained mutation: You tend to lose your temper in combat.
                  | [mutagenic glow]
 27748 | Snake:1  | Identified the +9 war axe of the Chopping Whale {freeze,
                  | Int+3}
 27887 | Swamp:1  | Entered Level 1 of the Swamp
 27960 | Swamp:1  | Identified the +6 long sword of Lebecot {drain, rPois Will-
                  | rCorr Int+6} (Okawaru gifted it to you on level 1 of the
                  | Swamp)
 27960 | Swamp:1  | Received a gift from Okawaru
 28215 | Swamp:1  | Identified the +1 chain mail "Ixoiraoq" {rC+ Int+4}
 29356 | Swamp:2  | Received a gift from Okawaru
 29727 | Swamp:2  | Noticed Donald
 29752 | Swamp:2  | Killed Donald
 30048 | Swamp:3  | Reached skill level 5 in Long Blades
 30139 | Swamp:3  | Reached XP level 17. HP: 135/135 MP: 27/27
 30487 | Swamp:3  | Identified the +8 falchion "Gesidgh" {pain, rF- rN+ rCorr
                  | Stlth+} (Okawaru gifted it to you on level 3 of the Swamp)
 30487 | Swamp:3  | Received a gift from Okawaru
 30902 | Swamp:4  | Entered Level 4 of the Swamp
 31180 | Swamp:4  | Received a gift from Okawaru
 31464 | Swamp:4  | Noticed a tentacled monstrosity
 31501 | Swamp:4  | Found a runed translucent gate.
 31501 | Swamp:4  | Found a runed translucent gate.
 31501 | Swamp:4  | Found a runed translucent gate.
 31501 | Swamp:4  | Noticed Ystrie Nocov's ghost (journeyman DEIE)
 31873 | Swamp:4  | Received a gift from Okawaru
 31922 | Swamp:4  | Killed a tentacled monstrosity
 32073 | Swamp:4  | Got a decaying rune of Zot
 32262 | Swamp:4  | Noticed Bai Suzhen
 32299 | Swamp:4  | Killed Bai Suzhen
 32681 | Swamp:4  | Identified the +5 shortbow "Xarifer" {freeze, rN++ rCorr
                  | MP-9 Dex+4}
 32957 | Snake:1  | Reached XP level 18. HP: 132/146 MP: 27/29
 33018 | Snake:1  | Identified the amulet "Emiehazepn" {RegenMP *Corrode Drain
                  | +Inv rN+++}
 33108 | Snake:1  | Reached skill level 15 in Invocations
 33270 | Snake:1  | Identified the +1 pair of boots of Philately {Drain Fly
                  | rElec Will++} (Okawaru gifted it to you on level 1 of the
                  | Snake Pit)
 33270 | Snake:1  | Received a gift from Okawaru
 34122 | Snake:2  | Found a shimmering altar of Xom.
 34601 | Snake:2  | Found a shimmering altar of Xom.
 35594 | Snake:3  | Received a gift from Okawaru
 36730 | Snake:4  | Entered Level 4 of the Snake Pit
 37937 | Snake:4  | Got a serpentine rune of Zot
 37989 | Snake:4  | Gained mutation: Your magical and physical power is
                  | slightly enhanced at high health. [demonic ancestry]
 37989 | Snake:4  | Reached XP level 19. HP: 120/153 MP: 30/30
 39036 | Vaults:1 | Entered Level 1 of the Vaults
 39173 | Vaults:1 | Found Darr's Book Boutique.
 39216 | Vaults:1 | Received a gift from Okawaru
 39345 | Vaults:1 | Reached skill level 15 in Maces & Flails
 39578 | Vaults:1 | Noticed Nikola
 39607 | Vaults:1 | Killed Nikola
 40107 | Vaults:1 | Reached skill level 15 in Fighting
 40164 | Vaults:1 | Received a gift from Okawaru
 41247 | Vaults:2 | Reached XP level 20. HP: 163/163 MP: 32/32
 41399 | Vaults:2 | Identified the +1 robe "Tumyc" {Harm Regen+} (Okawaru
                  | gifted it to you on level 2 of the Vaults)
 41399 | Vaults:2 | Received a gift from Okawaru
 42549 | Vaults:3 | Gained mutation: A powerful demonic guardian rushes to your
                  | aid. [demonic ancestry]
 42549 | Vaults:3 | Reached XP level 21. HP: 172/172 MP: 33/33
 42550 | Vaults:3 | Gained mutation: You have a pair of large horns on your
                  | head. [demonic ancestry]
 42550 | Vaults:3 | Reached XP level 22. HP: 180/180 MP: 34/34
 43762 | Vaults:3 | Received a gift from Okawaru
 44103 | Vaults:3 | Identified the +4 scale mail of Hounk {rElec Int+2 Dex+4}
                  | (Okawaru gifted it to you on level 3 of the Vaults)
 44103 | Vaults:3 | Received a gift from Okawaru
 44275 | Vaults:3 | Found a staircase to the Crypt.
 44275 | Vaults:3 | Found an ancient bone altar of Kikubaaqudgha.
 44276 | Vaults:3 | Found a basalt altar of Yredelemnul.
 44467 | D:11     | Bought a scroll of teleportation for 36 gold pieces
 44467 | D:11     | Bought a scroll of teleportation for 36 gold pieces
 44467 | D:11     | Bought 2 scrolls of fear for 84 gold pieces
 44566 | Elf:1    | Entered Level 1 of the Elven Halls
 45082 | Elf:1    | Gained mutation: Your magical and physical power is
                  | enhanced at high health. [demonic ancestry]
 45082 | Elf:1    | Reached XP level 23. HP: 143/190 MP: 36/36
 45186 | Elf:1    | Identified the +0 leather armour of Infinity {rCorr Str+3}
 45425 | Elf:1    | Reached skill level 15 in Armour
 45686 | Elf:2    | Found Hafir's Antique Weapon Shop.
 45724 | Elf:2    | Identified the +7 war axe of the Grave {venom, rPois rC-
                  | Str+9 Dex-5}
 46021 | Elf:2    | Found a huge runed translucent gate.
 46021 | Elf:2    | Found a huge runed translucent gate.
 46021 | Elf:2    | Found a huge runed translucent gate.
 46021 | Elf:2    | Found a huge runed translucent gate.
 46021 | Elf:2    | Found a huge runed translucent gate.
 46509 | Elf:2    | Identified the +3 pair of gloves of the Gloaming {Fly Will+
                  | Str-5} (Okawaru gifted it to you on level 2 of the Elven
                  | Halls)
 46509 | Elf:2    | Received a gift from Okawaru
 46958 | Elf:3    | Entered Level 3 of the Elven Halls
 47134 | Elf:3    | Found Rioklif's Book Emporium.
 47489 | Elf:3    | Reached skill level 5 in Evocations
 48212 | Elf:3    | Identified the +6 flail of Xonloyg {pain, rF- rC+ rN+++
                  | Str+4}
 48219 | Elf:3    | Identified the +4 scale mail of Minabb {rPois Slay+2
                  | Stlth-}
 48453 | Elf:3    | Identified the +2 great sword of Muegrowi {vorpal, Dex+2}
 48543 | Elf:3    | Identified the +9 hand axe of Zeuss {drain, rF+ rN+}
 48543 | Elf:3    | Identified the ring of Kurulo {Will++ AC+4}
 48696 | Elf:3    | Identified the +2 pair of boots of the Candlemaker {SInv
                  | Stlth+} (Okawaru gifted it to you on level 3 of the Elven
                  | Halls)
 48696 | Elf:3    | Received a gift from Okawaru
 48809 | Elf:3    | Identified the +7 long sword of the End of Times {venom,
                  | rF+ rN+ Int-5}
 48848 | Elf:3    | Identified the ring of Pagusar {+Blink Dex+6}
 48924 | Elf:3    | Identified the +3 ring mail "Yquf" {Harm rF+++ rC- Will+}
 50032 | Vaults:4 | Reached XP level 24. HP: 202/202 MP: 31/36
 51105 | Vaults:4 | Identified the +7 dagger "Dyulimpa" {holy, rElec rC- Dex+4
                  | Stlth-}
 51196 | Vaults:4 | Received a gift from Okawaru
 51328 | Vaults:4 | Found Cueseiho's Distillery.
 51338 | Vaults:4 | Bought a potion of berserk rage for 115 gold pieces
 51338 | Vaults:4 | Bought a potion of mutation for 184 gold pieces
 51338 | Vaults:4 | Bought a potion of might for 92 gold pieces
 52123 | Vaults:5 | Entered Level 5 of the Vaults
 52350 | Vaults:4 | Received a gift from Okawaru
 52836 | Vaults:5 | Identified the ring "Hogugaja" {rPois rN+ Str+4 Int+3}
 53650 | Vaults:4 | Reached skill level 10 in Dodging
 54045 | Vaults:5 | Identified Tyle Mag's Disquisition on Hexes and Toxins
 54054 | Vaults:5 | Got a silver rune of Zot
 55066 | Vaults:5 | Noticed a dread lich
 55082 | Vaults:5 | Killed a dread lich
 55082 | Vaults:5 | Identified the +12 tower shield of Etituec {Dex+2} (Okawaru
                  | gifted it to you on level 5 of the Vaults)
 55082 | Vaults:5 | Received a gift from Okawaru
 55258 | Vaults:5 | Gained mutation: You are completely covered in sharp
                  | spines. [demonic ancestry]
 55258 | Vaults:5 | Reached XP level 25. HP: 148/213 MP: 37/37
 55919 | Vaults:5 | Identified the ring of Resumed Hostilities {rPois rN++
                  | Int+3}
 56408 | Vaults:5 | Identified the +2 pair of boots of Precision Catastrophes
                  | {Str+4 Dex+3} (Okawaru gifted it to you on level 5 of the
                  | Vaults)
 56408 | Vaults:5 | Received a gift from Okawaru
 56789 | Vaults:5 | Identified the +8 scale mail of Ru's Fury {Fly rElec
                  | Stlth-}
 56803 | Vaults:5 | Identified Sif Muna's Compendium of Flying Bewitchment
 57449 | Vaults:5 | Identified Sif Muna's Almanac of Creation and the Glacier
 57778 | Depths:1 | Entered Level 1 of the Depths
 57787 | Depths:1 | Found a shadowy altar of Dithmenos.
 58362 | Depths:1 | Found an ornate altar of the Wu Jian Council.
 58394 | Depths:1 | Found Samukk's Armour Shop.
 58397 | Depths:1 | Found Zoustrirph's Antique Armour Shop.
 58397 | Depths:1 | Found Odghiew's Jewellery Boutique.
 58401 | Depths:1 | Found Foseulaih's General Store.
 58418 | Depths:1 | Bought the ring of Contentment {Wiz rF++ Will-} for 704
                  | gold pieces
 58428 | Depths:1 | Found a gateway to Hell.
 58951 | Depths:1 | Found a gateway to a ziggurat.
 59395 | Depths:2 | Noticed Aizul
 59406 | Depths:2 | Killed Aizul
 59444 | Depths:2 | Received a gift from Okawaru
 59693 | Depths:2 | Acquired the +1 pair of gloves "Sioqus" {Will+ rCorr Dex+2}
 60009 | Depths:2 | Received a gift from Okawaru
 60496 | Depths:2 | Reached XP level 26. HP: 174/224 MP: 32/37
 60562 | Depths:2 | Noticed a juggernaut
 60587 | Depths:2 | Killed a juggernaut
 60625 | Depths:2 | Received a gift from Okawaru
 61078 | Depths:2 | Identified the +0 ring mail "Fecoolex" {Harm +Inv Int+4}
 61821 | Depths:2 | Found a corrupted altar of Lugonu.
 61822 | Depths:2 | Found a one-way gate to the infinite horrors of the Abyss.
 61912 | Depths:2 | Identified the +4 broad axe of Musogoki {flame, Will++}
 62373 | Depths:3 | Identified the +5 hunting sling "Jotarchie" {vorpal, Contam
                  | Str+8 Int+5} (Okawaru gifted it to you on level 3 of the
                  | Depths)
 62373 | Depths:3 | Received a gift from Okawaru
 62508 | Depths:3 | Lost mutation: You tend to lose your temper in combat.
                  | [potion of mutation]
 62508 | Depths:3 | Gained mutation: You are agile. (Dex +2) [potion of
                  | mutation]
 62508 | Depths:3 | Gained mutation: Your magical capacity is low. (-10% MP)
                  | [potion of mutation]
 63547 | Depths:3 | Acquired 1002 gold pieces
 63549 | Depths:3 | Acquired 893 gold pieces
 63556 | Depths:3 | Found a one-way gate leading to the halls of Pandemonium.
 63582 | Depths:3 | Found an opulent altar of Gozag.
 64286 | Depths:4 | Received a gift from Okawaru
 64582 | Depths:4 | Identified the +1 ring mail of the New World {Int+3}
                  | (Okawaru gifted it to you on level 4 of the Depths)
 64582 | Depths:4 | Received a gift from Okawaru
 64664 | Depths:4 | Gained mutation: Your magical and physical power is greatly
                  | enhanced at high health. [demonic ancestry]
 64664 | Depths:4 | Reached XP level 27. HP: 202/233 MP: 33/33
 65188 | Depths:4 | Found a stormy altar of Qazlal.
 65585 | Depths:5 | Entered Level 5 of the Depths
 65845 | Depths:5 | Noticed a juggernaut
 65852 | Depths:5 | Killed a juggernaut
 66385 | Depths:5 | Identified the +1 leather armour "Doceom" {rPois rCorr}
 66457 | Depths:5 | Found a shadowy altar of Dithmenos.
 66599 | Depths:5 | Found a sparkling altar of Nemelex Xobeh.
 66886 | Depths:5 | Received a gift from Okawaru
 66983 | Depths:5 | Found a gate to the Realm of Zot.
 67382 | Crypt:1  | Entered Level 1 of the Crypt
 67711 | Crypt:1  | Noticed Jory
 67721 | Crypt:1  | Killed Jory
 68482 | Crypt:1  | Noticed Frederick
 68488 | Crypt:1  | Killed Frederick
 69646 | Crypt:2  | Identified the +3 cloak of Eye-covered Surprise {rF+ Will+
                  | Regen+} (Okawaru gifted it to you on level 2 of the Crypt)
 69646 | Crypt:2  | Received a gift from Okawaru
 70777 | Crypt:3  | Entered Level 3 of the Crypt
 71424 | Crypt:3  | Found an ancient bone altar of Kikubaaqudgha.
 71425 | Crypt:3  | Found a basalt altar of Yredelemnul.
 71546 | Crypt:3  | Identified the ring "Vuygysta" {rElec rC+ rN+ rCorr}
 71546 | Crypt:3  | Identified the ring "Aboaden" {rF+++ rN+ Str+3}
 71553 | Crypt:3  | Identified the +0 leather armour "Pohage" {rElec}
 71759 | Crypt:3  | Found a staircase to the Tomb.
 72560 | Slime:1  | Entered Level 1 of the Pits of Slime
 72662 | Slime:1  | Gained mutation: Your body sometimes deteriorates upon
                  | taking damage. [a shining eye]
 72668 | Slime:1  | Gained mutation: You are dopey. (Int -2) [a shining eye]
 72674 | Slime:1  | Received a gift from Okawaru
 72771 | Slime:5  | Entered Level 5 of the Pits of Slime
 73226 | Slime:5  | Gained mutation: You are frail. (-10% HP) [a shining eye]
 73568 | Slime:5  | Noticed the Royal Jelly
 73576 | Slime:5  | Killed the Royal Jelly
 73715 | Slime:5  | Gained mutation: Potions are less effective at restoring
                  | your health. [a shining eye]
 73716 | Slime:5  | Gained mutation: You occasionally shout uncontrollably at
                  | your foes. [a shining eye]
 73718 | Slime:5  | Gained mutation: You are weak. (Str -2) [a shining eye]
 73810 | Slime:4  | Lost mutation: Your body sometimes deteriorates upon taking
                  | damage. [potion of mutation]
 73810 | Slime:4  | Lost mutation: You are frail. (-10% HP) [potion of
                  | mutation]
 73810 | Slime:4  | Gained mutation: Your natural rate of healing is unusually
                  | fast. [potion of mutation]
 73810 | Slime:4  | Gained mutation: You are frail. (-10% HP) [potion of
                  | mutation]
 73810 | Slime:4  | Gained mutation: You have sharp toenails. [potion of
                  | mutation]
 73811 | Slime:4  | Lost mutation: Your magical capacity is low. (-10% MP)
                  | [potion of mutation]
 73811 | Slime:4  | Lost mutation: You are weak. (Str -2) [potion of mutation]
 73811 | Slime:4  | Gained mutation: You heal very quickly. [potion of
                  | mutation]
 73949 | Slime:5  | Gained mutation: You tend to lose your temper in combat. [a
                  | shining eye]
 74008 | Slime:5  | Identified the +8 chain mail of Ytid {Int+4}
 74010 | Slime:5  | Got a slimy rune of Zot
 74015 | Slime:5  | Identified the amulet of Idghao {Reflect rF+ Regen+ Slay+3
                  | SH+5}
 74107 | Slime:5  | Identified the +10 hand axe "Aqylon" {flame, Fly}
 74184 | Slime:3  | Gained mutation: Your magical capacity is low. (-10% MP) [a
                  | shining eye]
 74602 | Depths:2 | Voluntarily entered the Abyss.
 75147 | Abyss:3  | Gained mutation: You frequently scream uncontrollably at
                  | your foes. [a neqoxec]
 75288 | Abyss:3  | Identified the -6 pair of gloves "Azyesamp" {*Slow rElec
                  | rPois} (Okawaru gifted it to you on level 3 of the Abyss)
 75288 | Abyss:3  | Received a gift from Okawaru
 75445 | Depths:2 | Escaped the Abyss
 75782 | Depths:2 | Voluntarily entered the Abyss.
 76006 | Depths:2 | Escaped the Abyss
 76059 | Hell     | Entered the Vestibule of Hell
 76059 | Hell     | Noticed Geryon
 76075 | Hell     | Gained mutation: You are very frail. (-20% HP) [a
                  | cacodemon]
 76093 | Hell     | Gained mutation: You are very dopey. (Int -4) [a cacodemon]
 76095 | Hell     | Gained mutation: Your muscles are strong. (Str +2) [a
                  | cacodemon]
 76146 | Hell     | Noticed an ancient lich
 76169 | Hell     | Killed an ancient lich
 76169 | Hell     | Received a gift from Okawaru
 76174 | Hell     | Cast into level 2 of the Abyss (hell knight)
 76908 | Hell     | Escaped the Abyss
 76928 | Hell     | Found a gateway to the decaying netherworld of Tartarus.
 76963 | Hell     | Killed Geryon
 77177 | Zot:1    | Entered Level 1 of the Realm of Zot
 77722 | Zot:1    | Noticed an orb of fire
 77727 | Zot:1    | Lost mutation: Your muscles are strong. (Str +2) [an orb of
                  | fire]
 77729 | Zot:1    | Killed an orb of fire
 78187 | Zot:2    | Received a gift from Okawaru
 79681 | Zot:3    | Identified the +6 demon whip "Fedd" {vamp, rF+ rN+ Int+4
                  | Dex+3} (Okawaru gifted it to you on level 3 of the Realm of
                  | Zot)
 79681 | Zot:3    | Received a gift from Okawaru
 80662 | Zot:4    | Received a gift from Okawaru
 80939 | Zot:4    | Noticed an orb of fire
 80941 | Zot:4    | Gained mutation: You are weak. (Str -2) [an orb of fire]
 80943 | Zot:4    | Gained mutation: Your magical capacity is very low. (-20%
                  | MP) [an orb of fire]
 80944 | Zot:4    | Gained mutation: You are extremely frail. (-30% HP) [an orb
                  | of fire]
 80949 | Zot:4    | Killed an orb of fire
 81280 | Zot:5    | Entered Level 5 of the Realm of Zot
 81385 | Zot:5    | Acquired 1288 gold pieces
 81420 | Zot:5    | Received a gift from Okawaru
 81490 | Zot:5    | Received a gift from Okawaru
 81535 | Zot:5    | Reached skill level 27 in Maces & Flails
 81604 | Zot:5    | Noticed an orb of fire
 81604 | Zot:5    | Noticed an orb of fire
 81607 | Zot:5    | Noticed an orb of fire
 81610 | Zot:5    | Gained mutation: Your magical capacity is extremely low.
                  | (-30% MP) [an orb of fire]
 81612 | Zot:5    | Killed an orb of fire
 81613 | Zot:5    | Noticed a dread lich
 81614 | Zot:5    | Gained mutation: You sometimes lose the ability to read
                  | scrolls when taking damage. [an orb of fire]
 81615 | Zot:5    | Noticed an ancient lich
 81617 | Zot:5    | Killed an orb of fire
 81621 | Zot:5    | Gained mutation: Your spells are a little easier to cast,
                  | but a little less powerful. [an orb of fire]
 81621 | Zot:5    | Noticed an ancient lich
 81622 | Zot:5    | Killed an orb of fire
 81625 | Zot:5    | Noticed an ancient lich
 81629 | Zot:5    | Noticed an orb of fire
 81632 | Zot:5    | Killed a dread lich
 81632 | Zot:5    | Noticed an orb of fire
 81633 | Zot:5    | Killed an ancient lich
 81635 | Zot:5    | Killed an ancient lich
 81645 | Zot:5    | Lost mutation: You tend to lose your temper in combat.
                  | [potion of mutation]
 81645 | Zot:5    | Lost mutation: You are weak. (Str -2) [potion of mutation]
 81645 | Zot:5    | Lost mutation: Your magical capacity is extremely low.
                  | (-30% MP) [potion of mutation]
 81646 | Zot:5    | Lost mutation: You are agile. (Dex +2) [potion of mutation]
 81646 | Zot:5    | Lost mutation: Potions are less effective at restoring your
                  | health. [potion of mutation]
 81646 | Zot:5    | Lost mutation: Your spells are a little easier to cast, but
                  | a little less powerful. [potion of mutation]
 81647 | Zot:5    | Lost mutation: You are extremely frail. (-30% HP) [potion
                  | of mutation]
 81647 | Zot:5    | Lost mutation: Your magical capacity is very low. (-20% MP)
                  | [potion of mutation]
 81647 | Zot:5    | Lost mutation: Your magical capacity is low. (-10% MP)
                  | [potion of mutation]
 81647 | Zot:5    | Gained mutation: You evolve. [potion of mutation]
 81647 | Zot:5    | Gained mutation: You have sharp fingernails. [potion of
                  | mutation]
 81647 | Zot:5    | Lost mutation: You are very dopey. (Int -4) [potion of
                  | mutation]
 81648 | Zot:5    | Lost mutation: You frequently scream uncontrollably at your
                  | foes. [potion of mutation]
 81648 | Zot:5    | Lost mutation: You are dopey. (Int -2) [potion of mutation]
 81648 | Zot:5    | Lost mutation: You sometimes lose the ability to read
                  | scrolls when taking damage. [potion of mutation]
 82003 | Zot:5    | Received a gift from Okawaru
 82082 | Zot:5    | Gained mutation: Your magical capacity is low. (-10% MP)
                  | [an orb of fire]
 82090 | Zot:5    | Killed an orb of fire
 82122 | Zot:5    | Noticed an ancient lich
 82129 | Zot:5    | Killed an ancient lich
 82143 | Zot:5    | Noticed an orb of fire
 82152 | Zot:5    | Killed an orb of fire
 82152 | Zot:5    | Identified the +7 spear of Woiceyviuh {freeze, *Rage rCorr
                  | Int+2} (Okawaru gifted it to you on level 5 of the Realm of
                  | Zot)
 82152 | Zot:5    | Received a gift from Okawaru
 82153 | Zot:5    | Killed an ancient lich
 82154 | Zot:5    | Reached skill level 10 in Evocations
 82174 | Zot:5    | Killed an orb of fire
 82261 | Zot:5    | Reached skill level 27 in Fighting
 82270 | Zot:5    | Demolished by an Orb Guardian

Illustrated notes

Levels and vault maps discovered:
D:1:      eino_arrival_cavern_a, layout_loops_corners, minmay_box_of_dots
D:2:      layout_basic, basic_altar, st_stairs_14, chequers_mini_garden,
          kennysheep_boxes
D:3:      layout_basic, serial_shops, nicolae_shop_crystal
D:4:      layout_loops_corners, uniq_ijyb
D:5:      layout_loops_corners, marbit_many_paths, nicolae_uskayaw_suspiria,
          nicolae_ossuary_entry_giza
D:6:      layout_basic, nicolae_overflow_crystal_walls, zin_angel,
          hangedman_decor_peaks_small, kennysheep_generic_room_7
D:7:      layout_gridville, minmay_temple_entry_butterflies, uniq_duvessa
D:8:      layout_layer_cave, minmay_overflow_temple_star_quad,
          introduction_to_nature_2
D:9:      gammafunk_cloud_chamber, layout_loops_corners,
          hangedman_feature_mirror
D:10:     layout_basic, fedhas_bush_and_centaur_altar,
          minmay_misc_feat_secret_circle, uniq_maurice, uniq_grum
D:11:     minmay_spotlight, layout_basic, david_lair_shrubbed,
          gauntlet_entry_generic, serial_shops, nicolae_shop_stone,
          nemelex_xobeh_ov_fountains_minmay, uniq_snorg, uniq_josephine
D:12:     layout_gridville, erik_orc_3, enter_bailey_8, special_room
          [special_room_bee], minivault_16, minmay_fractal_squares_gapless_7
D:13:     layout_gridville, ximxim_vaults_locker_room
D:14:     nzn_motion_control, layout_grid_maze, uniq_roxanne, uniq_kirke
D:15:     grunt_enter_depths_snipers, layout_rooms, minmay_misc_feat_x,
          serial_shops, shop
Temple:   eino_temple_water
Lair:1:   layout_big_grid
Lair:2:   layout_gridlike, nicolae_swamp_entry_splash_gauntlet,
          minmay_snake_entry_guardpost_small, special_room
Lair:3:   layout_cave_pods, uniq_gastronok
Lair:4:   layout_gridlike, grunt_megastairs_1, minmay_lair_oklob_chamber,
          serial_bayou_shore_b, serial_bayou_shore_a, lemuel_fruit_fields
Lair:5:   layout_big_grid, slime_altar_1,
          portal_ice_cave_entry_animals_and_master,
          nicolae_volcano_entry_hallway, st_stairs_10, lemuel_fruit_tree,
          infiniplex_staircase_pool
Lair:6:   minmay_lair_end_enchanted_forest, layout_gridlike, serial_rivers,
          chequers_serial_rivers_room_a, chequers_serial_rivers_room_b,
          chequers_serial_rivers_marsh, chequers_serial_rivers_micro_d,
          chequers_serial_rivers_micro_c, chequers_serial_rivers_room_b,
          chequers_serial_rivers_large_b, uniq_urug
Swamp:1:  layout_falls_marsh, evilmike_swamp_ruin_house_1, swamp_pool4
Swamp:2:  cheibrodos_swamp_mausoleum, layout_basic_swamp,
          evilmike_swamp_ruin_rubble_1, swamp_pool2, st_swamp_ruins_1,
          uniq_donald
Swamp:3:  layout_basic_swamp, nicolae_swamp_some_circles, swamp_pool1,
          nicolae_swamp_trees_clearing, nicolae_swamp_baby_hydras
Swamp:4:  nzn_swamp_witches_coven, layout_basic_swamp,
          ebering_ghost_rock_garden, uniq_bai_suzhen
Snake:1:  layout_gridlike, serial_bayou_pond_d, grunt_megastairs_5
Snake:2:  layout_gridlike, hangedman_feature_mirror, grunt_ministairs_11
Snake:3:  layout_chambers, library_closet, grunt_ministairs_14,
          nicolae_large_snake_swirl
Snake:4:  minmay_snake_end_coiled, layout_cave_town, st_stairs_6
Slime:1:  layout_caves
Slime:2:  layout_caves
Slime:3:  layout_caves
Slime:4:  layout_caves
Slime:5
Orc:1:    cheibrodos_orc_guarddog, layout_diamond_mine, uniq_harold
Orc:2:    grunt_orc_cross, layout_diamond_mine, roderic_batcave,
          bh_open_orc_temple
Elf:1:    minmay_elf_arrival_plus, layout_rooms, special_room
          [special_room_mythical_zoo], hangedman_elven_crosses_minicolossus,
          grunt_megastairs_4
Elf:2:    layout_geoelf_diagonals, serial_shops, shop, corexii_checkpoint_a,
          minivault_20, lemuel_upstairs_altar
Elf:3:    minmay_elf_hall_x, layout_loops_corners, serial_shops,
          nicolae_shop_trees, minmay_strange_pillars
Vaults:1: v_misc_33, v_misc_5, nicolae_vaults_rhombus_5,
          dpeg_vaults_monster_row, v_misc_12, nicolae_vaults_rhombus_5,
          layout_vaults_big_room, serial_shops, shop, uniq_nikola
Vaults:2: v_misc_29, v_misc_8, ontoclasm_vaults_ring_large, v_misc_10,
          nicolae_vaults_stairing_the_circle, hangedman_vaults_restitches,
          v_pattern_5, v_misc_9, layout_vaults_omnibox
Vaults:3: v_rooms_5, v_misc_26, nicolae_vaults_little_squares_3, v_misc_13,
          st_more_cells, ontoclasm_vaults_loading_screen,
          minmay_crypt_entry_necro_gods, nicolae_vaults_hallways_thing,
          v_pattern_4, v_rooms_2, ontoclasm_vaults_gateway,
          nicolae_vaults_theta, layout_vaults_maze
Vaults:4: nicolae_vaults_asterisk, nicolae_vaults_theta,
          hangedman_vaults_corner_blocks, nicolae_vaults_c_with_doors,
          nicolae_vaults_circle_grid_a, v_misc_3, nicolae_vaults_little_ls,
          vaults_room_boxed, vaults_standard_mumra_enter_the_diamond,
          vaults_room_grunt_arrival_checkpoint, layout_vaults_omnicross,
          serial_shops, nicolae_shop_temple_entry_statues_fountains
Vaults:5: serial_shops
Crypt:1:  layout_catacombs, uniq_jory, uniq_frederick
Crypt:2:  layout_catacombs
Crypt:3:  lightli_unholy_cathedral, layout_chaotic_city,
          tomb_entry_sphere_bobbens
Depths:1: layout_gridlike, enter_ziggurat_a, pf_hell_entry_tar_river,
          nicolae_dithmenos_shadow_blocks, nzn_wu_jian_contemplation,
          grunt_megastairs_2, minmay_shoptagon
Depths:2: minmay_octagon_city, layout_cross, chequers_serial_rivers_large_a,
          abyss_entry_flame_altar, lightli_too_deep, minmay_gold_behind_fungi,
          nicolae_elyvilon_temple_path, uniq_aizul
Depths:3: kennysheep_room_grid, layout_gridlike, hell_entry,
          grunt_gozag_breadcrumbs, rand_demon_pan_entry_7,
          infiniplex_staircase_star
Depths:4: kennysheep_ogre_elephant_herders, layout_basic,
          rand_demon_pan_entry_5, abyss_entry, hell_entry,
          nicolae_qazlal_scattered_showers, minmay_staircase_windowed_large
Depths:5: grunt_zot_entry_gee_three, layout_cave_shapes, abyss_entry_glasseish,
          grunt_hell_entry_dis_grunt, eino_curves_03, hangedman_feature_mirror
Hell
Zot:1:    layout_concentric_octagons
Zot:2:    lemuel_draconian_sentries, layout_gridlike
Zot:3:    layout_basic
Zot:4:    layout_gridlike
Zot:5:    layout_misc_corridors

Skill      XL: |  1  2  3  4  5  6  7  8  9 10 11 12 13 14 15 16 17 18 19 20 21 22 23 24 25 26 27 |
---------------+----------------------------------------------------------------------------------+-----
Dodging        | 3 4 5 6 7 8 9 10 11 | 11.5
Throwing       | 2 |  2.6
Maces & Flails | 1 2 4 6 7 9 10 11 12 14 16 17 19 27 | 27.0
Armour         | 1 2 3 4 5 6 7 9 10 11 12 13 14 16 17 19 20 22 | 22.1
Stealth        | 1 2 3 4 |  4.2
Shields        | 1 2 3 4 6 8 9 11 13 14 15 | 15.0
Fighting       | 3 4 5 6 8 9 10 12 14 15 16 17 19 20 21 22 27 | 27.0
Evocations     | 1 3 4 5 7 8 10 | 10.4
Invocations    | 2 5 8 10 11 12 13 14 15 17 18 19 20 21 22 | 22.3
Long Blades    | 5 |  5.7
Polearms       | |  2.7

Action                   |  1- 3 |  4- 6 |  7- 9 | 10-12 | 13-15 | 16-18 | 19-21 | 22-24 | 25-27 || total
-------------------------+-------+-------+-------+-------+-------+-------+-------+-------+-------++-------
Melee: Trident           |    13 |       |       |       |       |       |       |       |       ||    13
       Whip              |   101 |    94 |   256 |   768 |   336 |       |       |       |       ||  1555
       Headbutt          |       |       |    70 |   251 |   527 |   645 |   259 |   489 |  1155 ||  3396
       Unarmed           |       |       |    12 |    13 |       |       |       |       |     2 ||    27
       Flail             |       |       |       |       |  1107 |  1507 |       |    48 |       ||  2662
       Mace              |       |       |       |       |   320 |       |       |       |       ||   320
       Triple sword      |       |       |       |       |       |    52 |       |       |       ||    52
       Eveningstar       |       |       |       |       |       |   736 |   855 |  1549 |  2693 ||  5833
       Maul              |       |       |       |       |       |       |       |       |   434 ||   434
Throw: Boomerang         |       |       |       |       |       |       |       |       |     1 ||     1
Invok: Heroism           |       |       |       |     6 |    11 |    22 |     7 |    16 |    22 ||    84
       Finesse           |       |       |       |     1 |     8 |     6 |     5 |     6 |    16 ||    42
Evoke: Wand              |       |     5 |     2 |    24 |     6 |     1 |       |     7 |     7 ||    52
       Box of beasts     |       |       |       |       |       |       |       |       |     1 ||     1
  Use: Scroll            |     7 |     4 |     7 |    10 |     8 |     8 |     2 |    20 |    22 ||    88
       Potion            |       |     2 |       |     1 |     3 |    17 |     3 |     3 |    10 ||    39
 Stab: Sleeping          |     4 |     2 |     4 |     4 |     2 |       |       |       |       ||    16
       Confused          |       |       |     2 |       |       |       |       |       |       ||     2
       Petrified         |       |       |       |     5 |    21 |       |       |       |       ||    26
       Distracted        |       |       |       |       |     3 |     4 |     3 |     1 |    61 ||    72
       Petrifying        |       |       |       |       |     3 |       |       |       |       ||     3
       Paralysed         |       |       |       |       |       |     1 |       |       |       ||     1
Armor: Leather armour    |    39 |    16 |       |       |       |       |       |       |       ||    55
       Ring mail         |       |    16 |    81 |   100 |       |       |       |       |       ||   197
       Skin              |       |       |     1 |     1 |       |       |       |       |       ||     2
       Troll leather arm |       |       |       |    71 |    27 |       |       |       |       ||    98
       Plate armour      |       |       |       |       |   739 |  1199 |   457 |   695 |       ||  3090
       Gold dragon scale |       |       |       |       |       |       |       |    46 |  1858 ||  1904
Dodge: Dodged            |    74 |    50 |   134 |   345 |   428 |   690 |   246 |   425 |   865 ||  3257
Block: Kite shield       |       |       |    16 |   320 |       |   457 |   645 |  1227 |       ||  2665
       Buckler           |       |       |       |    73 |   756 |   918 |       |       |       ||  1747
       Reflection        |       |       |       |     7 |    40 |    73 |       |    31 |    57 ||   208
       Tower shield      |       |       |       |       |       |       |       |    55 |  4010 ||  4065
       Other             |       |       |       |       |       |       |       |       |   160 ||   160
       Rpst.: Triple sword |       |       |       |       |       |    20 |       |       |       ||    20

Table legend: (Time is in decaauts)
 A = Elapsed time spent in this place.
 B = Non-inter-level travel time spent in this place.
 C = Inter-level travel time spent in this place.
 D = Time resting spent in this place.
 E = Time spent auto-exploring this place.
 F = Levels seen in this place.
 G = Mean time per level.
                   A        B        C        D        E       F      G
               +--------+--------+--------+--------+--------+-----+--------+
         Total |  80535 |  75280 |   5255 |  14217 |  34688 |  69 | 1167.2 |
       Dungeon |  17569 |  15906 |   1663 |   1978 |  10083 |  15 | 1171.3 |
        Temple |     75 |     64 |     11 |      0 |      0 |   1 |   75.0 |
          Lair |   6645 |   5618 |   1027 |    130 |   4100 |   6 | 1107.5 |
         Swamp |   4831 |   4694 |    137 |    609 |   1986 |   4 | 1207.8 |
     Snake Pit |   6278 |   5828 |    450 |    912 |   2487 |   4 | 1569.5 |
    Slime Pits |   1650 |   1637 |     13 |    727 |      0 |   5 |  330.0 |
  Orcish Mines |   2190 |   1910 |    280 |    113 |   1204 |   2 | 1095.0 |
   Elven Halls |   4841 |   4566 |    275 |    686 |   1879 |   3 | 1613.7 |
        Vaults |  13095 |  12470 |    625 |   4585 |   3921 |   5 | 2619.0 |
         Crypt |   4795 |   4627 |    168 |   1038 |   2232 |   3 | 1598.3 |
        Depths |   9378 |   8874 |    504 |   2325 |   4169 |   5 | 1875.6 |
          Hell |    220 |    220 |      0 |      0 |      0 |   1 |  220.0 |
           Zot |   5391 |   5292 |     99 |    635 |   2302 |   5 | 1078.2 |
         Abyss |   1771 |   1771 |      0 |    121 |    198 |   6 |  295.2 |
       Ossuary |    147 |    147 |      0 |      0 |      0 |   1 |  147.0 |
        Bailey |    558 |    558 |      0 |      0 |    127 |   1 |  558.0 |
       Volcano |    504 |    504 |      0 |    135 |      0 |   1 |  504.0 |
      Gauntlet |    589 |    589 |      0 |    218 |      0 |   1 |  589.0 |
               +--------+--------+--------+--------+--------+-----+--------+

Top non-repeatable levels by time:
Vaults:4: 5235 daAuts
Depths:2: 3586 daAuts
Vaults:5: 2504 daAuts
   Elf:3: 2391 daAuts
 Crypt:1: 1950 daAuts
Vaults:3: 1933 daAuts
 Snake:4: 1890 daAuts
    D:11: 1811 daAuts
 Snake:1: 1811 daAuts
 Swamp:4: 1791 daAuts
Vaults:2: 1788 daAuts
Depths:4: 1674 daAuts
Vaults:1: 1633 daAuts
 Swamp:2: 1601 daAuts
Depths:3: 1594 daAuts
